 Dungeon Crawl Stone Soup version 0.30-a0-243-gaa749bd8e4 (webtiles) character file.

Game seed: 16957290206637906125

34343 Majang the Basher (level 13, -5/115 HPs)
             Began as an Armataur Fighter on Oct 12, 2022.
             Was a High Priest of the Shining One.
             Killed from afar by a rime drake (33 damage)
             ... with a flash freeze
             ... in an ice cave.
             The game lasted 01:00:29 (15719 turns).

Majang the Basher (Armataur Fighter)               Turns: 15719, Time: 01:00:29

Health: -5/115     AC: 13    Str: 26    XL:     13   Next: 41%
Magic:  16/16      EV: 10    Int: 10    God:    the Shining One [*****.]
Gold:   850        SH:  6    Dex:  9    Spells: 12/12 levels left

rFire   . . .      SeeInvis .    b - +6 flail (freeze)
rCold   . . .      Faith    .    c - +0 buckler
rNeg    + + .      Spirit   .    f - +3 ring mail
rPois   .          Reflect  .    (no helmet)
rElec   .          Harm     .    (no cloak)
rCorr   .          Roll     +    w - +1 pair of gloves
Will    .....                    (no barding)
Stlth   ..........               L - amulet of the acrobat
HPRegen 0.39/turn                (no ring)
MPRegen 0.15/turn                (no ring)

@: mighty, glowing
A: large, rugged brown scales 3, deformed body, armoured tail, roll, long
tongue, awkward tongue
a: Renounce Religion, Divine Shield, Cleansing Flame, Summon Divine Warrior


You were in an ice cave.
You worshipped the Shining One.
The Shining One was extremely pleased with you.
You visited 3 branches of the dungeon, and saw 15 of its levels.
You also visited: Ice Cave.

You collected 916 gold pieces.
You spent 66 gold pieces at shops.

Inventory:

Hand Weapons
 a - a +1 whip of electrocution
 b - a +6 flail of freezing (weapon)
 O - a +1 whip of venom
Missiles
 s - 10 boomerangs (quivered)
 z - 3 throwing nets
 G - 2 javelins
Armour
 c - a +0 buckler (worn)
 f - a +3 ring mail (worn)
 w - a +1 pair of gloves (worn)
 B - a +2 leather armour of fire resistance
Jewellery
 m - a ring of fire
 q - the ring of Wese {+Blink rCorr Str-5 Dex+6}
   (You found it on level 2 of the Dungeon)

   [ring of dexterity]

   Str:       It affects your strength (-5).
   Dex:       It affects your dexterity (+6).
   +Blink:    It lets you blink.
   rCorr:     It protects you from acid and corrosion.
 L - an amulet of the acrobat (around neck)
Wands
 p - a wand of acid (2)
 r - a wand of digging (1)
 F - a wand of roots (6)
Scrolls
 d - a scroll of butterflies
 e - 2 scrolls of immolation
 g - 8 scrolls of teleportation
 k - 5 scrolls of poison
 n - a scroll of enchant armour
 y - 10 scrolls of identify
Potions
 i - 2 potions of haste
 j - 4 potions of mutation
 l - 2 potions of resistance
 o - 3 potions of curing
 t - 3 potions of flight
 u - a potion of lignification {unknown}
 v - a potion of cancellation
 x - a potion of attraction
 A - a potion of heal wounds
 J - a potion of magic
Miscellaneous
 E - a box of beasts


   Skills:
 + Level 8.7 Fighting
 * Level 11.8 Maces & Flails
 + Level 7.3 Throwing
 + Level 10.3 Armour
 + Level 6.1 Dodging
 + Level 9.6 Shields
 + Level 4.7 Invocations
 + Level 4.8 Evocations


You had 12 spell levels left.
You didn't know any spells.
Your spell library contained the following spells:

 Spells                   Type           Power      Damage    Failure   Level
 Foxfire                  Conj/Fire      0%         2x1d4     52%         1
 Magic Dart               Conj           0%         1d3       52%         1
 Sting                    Tmut/Pois      0%         1d3       52%         1
 Cigotuvi's Dreadful Rot  Necr/Pois/Air  0%         N/A       67%         2
 Ensorcelled Hibernation  Hex/Ice        0%         N/A       67%         2
 Searing Ray              Conj           0%         2d4       67%         2
 Dazzling Flash           Conj/Hex       0%         N/A       88%         3
 Gell's Gravitas          Tloc           0%         N/A       88%         3
 Spider Form              Tmut/Pois      0%         N/A       88%         3
 Teleport Other           Tloc           0%         N/A       88%         3
 Anguish                  Hex/Necr       0%         N/A       99%         4
 Dispel Undead            Necr           0%         3d6       99%         4
 Fulminant Prism          Conj/Hex       0%         3d6       99%         4
 Iskenderun's Mystic Bla  Conj/Tloc      0%         2d3       99%         4
 Fireball                 Conj/Fire      0%         3d3       100%        5
 Death Channel            Necr           0%         N/A       100%        6
 Dispersal                Tloc           0%         N/A       100%        6
 Starburst                Conj/Fire      0%         6d3       100%        6


Dungeon Overview and Level Annotations

Branches:
Dungeon (11/15)            Temple (1/1) D:5            Lair (3/5) D:11
 Shoals (0/4) Lair:2        Snake (0/4) Lair:2        IceCv (1/1)
    Orc: D:9-12

Altars:
Ashenzari
Cheibriados
Dithmenos
Elyvilon
Fedhas
Gozag
Hepliaklqana
Kikubaaqudgha
Makhleb
Nemelex Xobeh
Okawaru
Qazlal
Ru
Sif Muna
Trog
Uskayaw
Vehumet
Wu Jian
Xom
Yredelemnul
Zin
The Shining One

Shops:
D:5 ?   D:7 :   D:8 :


Innate Abilities, Weirdness & Mutations

You are completely covered in rugged brown scales. (AC +3, +7% HP)
Armour fits poorly on your strangely shaped body.
You have a long armoured tail.
You roll when moving toward enemies. (Rampage)
Your long tongue fully drains potion bottles. (2x potion effects)
Your tongue gives you trouble enunciating. (1.5x scroll delay)


Message History

The yak gores you.
You bludgeon the yak!! You freeze the yak!
You kill the yak!
You feel very mighty all of a sudden. The death yak closely misses you.
You bludgeon the death yak!! You freeze the death yak!
You tail-slap the death yak!
The death yak is severely wounded.
You hear a howl!
The death yak barely misses you.
A polar bear comes into view.
You bludgeon the death yak!! You freeze the death yak!
You kill the death yak!
You thump the polar bear!
The polar bear is moderately wounded.
You hear a howl!
A rime drake comes into view.
The polar bear bites you but does no damage.
You block the polar bear's attack. The polar bear claws you.
The rime drake hisses angrily.
You sock the polar bear! You freeze the polar bear.
You tail-slap the polar bear!
The polar bear is almost dead.
The polar bear barely misses you. The polar bear closely misses you.
You block the polar bear's attack.
You sock the polar bear! You freeze the polar bear.
You kill the polar bear!
The wolf bites you!
You sock the wolf! You freeze the wolf.
The wolf is severely wounded.
The wolf closely misses you.
You barely miss the wolf.
The wolf is severely wounded.
The wolf barely misses you. The wolf bites you!
* * * LOW HITPOINT WARNING * * *
You bludgeon the wolf!! You freeze the wolf.
You kill the wolf!
The rime drake breathes ice at you. The flash freeze hits you!!
You die...

#### #### ##..##
##..#####....##
#k††.##..†....#
h.....#@....††∩.∩.#
.kh..###..........#
...## ##..##....##
.Y ######..## .
####


You could see a rime drake (catching breath).

Vanquished Creatures
  Harold (D:11)
  Erica (D:10)
  2 boulder beetles (D:11)
  3 two-headed ogres
  4 death yaks
  Sonja (D:11)
  Pikel (D:4)
  An ugly thing (D:11)
  A manticore (D:11)
  A merfolk siren (Lair:2)
  A cyclops (D:11)
  A black mamba (Lair:2)
  6 elephants (Lair:2)
  A torpor snail (Lair:3)
  Psyche (D:10)
  5 cane toads
  A rime drake (IceCv)
  An unseen horror (shapeshifter) (D:11)
  A kobold demonologist (D:10)
  4 komodo dragons
  3 trolls
  3 polar bears (IceCv)
  Grinder (D:3)
  11 blink frogs (Lair:2)
  3 dream sheep (Lair:3)
  Sigmund (D:3)
  Eustachio (D:5)
  44 yaks
  A vampire (D:9)
  7 basilisks
  3 wyverns
  A steam dragon (D:9)
  4 vampire mosquitoes (D:11)
  5 water moccasins
  An ice beast (D:7)
  4 orc warriors
  3 sky beasts
  2 black bears (D:6)
  6 wolves
  An ogre (D:5)
  6 centaurs
  3 phantoms
  3 bullfrogs
  A gnoll sergeant (D:9)
  A scorpion (D:4)
  18 wights
  28 killer bees
  9 howler monkeys
  A gnoll bouda (D:9)
  5 orc priests
  6 hounds
  3 jellies
  3 iron imps (D:9)
  3 iguanas
  Natasha (thrice) (D:4)
  13 orc wizards
  7 adders
  12 gnolls
  12 white imps (Lair:3)
  3 ufetubi
  2 worms
  4 dart slugs
  31 orcs
  8 bats
  8 endoplasms
  A giant cockroach (D:3)
  6 goblins
  5 hobgoblins
  4 jackals (D:1)
  7 kobolds
  2 quokkas
  7 ball pythons
  3 frilled lizards
  4 rats
375 creatures vanquished.

Vanquished Creatures (others)
  A wizard (D:5)
  19 fungi
  15 plants
35 creatures vanquished.

Grand Total: 410 creatures vanquished

Notes
Turn   | Place    | Note
-------+----------+-------------------------------------------
     0 | D:1      | Majang the Armataur Fighter began the quest for the Orb.
     0 | D:1      | Reached XP level 1. HP: 19/19 MP: 1/1
   160 | D:1      | Reached skill level 2 in Maces & Flails
   279 | D:1      | Reached XP level 2. HP: 19/26 MP: 2/2
   744 | D:1      | Reached XP level 3. HP: 33/33 MP: 3/3
  1090 | D:2      | Reached skill level 3 in Maces & Flails
  1343 | D:2      | You fall into a shaft and drop 1 floor!
  1408 | D:2      | Identified the ring of Wese {+Blink rCorr Str-5 Dex+6}
  1531 | D:3      | Noticed Grinder
  1860 | D:3      | Reached XP level 4. HP: 35/40 MP: 4/4
  1887 | D:3      | Found a shimmering altar of Xom.
  1911 | D:3      | Noticed Sigmund
  1922 | D:3      | Paralysed by Grinder for 4 turns
  1930 | D:3      | Killed Sigmund
  1931 | D:3      | Reached skill level 4 in Maces & Flails
  1931 | D:3      | Reached XP level 5. HP: 43/49 MP: 5/5
  1932 | D:3      | Killed Grinder
  1933 | D:3      | Reached skill level 5 in Maces & Flails
  1933 | D:3      | Reached XP level 6. HP: 50/56 MP: 6/6
  2346 | D:4      | Noticed Natasha
  2373 | D:4      | Killed Natasha
  2374 | D:4      | Reached XP level 7. HP: 64/64 MP: 7/7
  2493 | D:4      | Noticed Natasha
  2502 | D:4      | Killed Natasha
  2578 | D:4      | Found a hazy altar of Hepliaklqana.
  2603 | D:4      | Noticed Natasha
  2611 | D:4      | Killed Natasha
  2747 | D:4      | Found an ancient bone altar of Kikubaaqudgha.
  2763 | D:4      | Reached skill level 1 in Throwing
  2953 | D:4      | Reached skill level 6 in Maces & Flails
  2953 | D:4      | Reached skill level 1 in Dodging
  3400 | D:5      | Entered Level 5 of the Dungeon
  3431 | D:5      | Noticed Pikel
  3466 | D:4      | Killed Pikel
  3467 | D:4      | Reached skill level 5 in Fighting
  3467 | D:4      | Reached XP level 8. HP: 23/72 MP: 8/8
  3635 | D:5      | Reached skill level 5 in Armour
  3786 | D:5      | Found a staircase to the Ecumenical Temple.
  3822 | Temple   | Entered the Ecumenical Temple
  4012 | Temple   | Became a worshipper of the Shining One
  4115 | D:5      | Found a bloodstained altar of Trog.
  4116 | D:5      | Noticed a wizard
  4121 | D:5      | Killed a wizard
  4179 | D:5      | Found Nocwev's Magic Scroll Emporium.
  4197 | D:5      | Bought a scroll of identify for 22 gold pieces
  4208 | D:5      | Bought a scroll of teleportation for 33 gold pieces
  4208 | D:5      | Bought a scroll of noise for 11 gold pieces
  4369 | D:5      | Noticed Eustachio
  4385 | D:5      | Killed Eustachio
  4386 | D:5      | Reached skill level 7 in Maces & Flails
  4386 | D:5      | Reached skill level 5 in Shields
  4673 | D:6      | Reached XP level 9. HP: 15/79 MP: 9/9
  5315 | D:6      | Reached * piety under the Shining One
  5550 | D:6      | Found a sparkling altar of Nemelex Xobeh.
  6311 | D:7      | Reached skill level 8 in Maces & Flails
  6348 | D:7      | Found Zufol's Tremendous Tomes.
  6993 | D:8      | Reached ** piety under the Shining One
  7077 | D:8      | Reached XP level 10. HP: 67/88 MP: 10/10
  7305 | D:8      | Identified the +2 spear of Infinite Pain {holy, rCorr
                  | Str+7}
  7642 | D:8      | Found Ubamme Huga's Book Emporium.
  8282 | D:9      | Noticed a two-headed ogre
  8294 | D:9      | Killed a two-headed ogre
  8295 | D:9      | Reached skill level 9 in Maces & Flails
  8424 | D:9      | Found a burning altar of Makhleb.
  8593 | D:9      | Noticed a two-headed ogre
  8599 | D:9      | Killed a two-headed ogre
  8600 | D:9      | Reached skill level 5 in Throwing
  8855 | D:9      | Found a white marble altar of Elyvilon.
  8886 | D:9      | Reached XP level 11. HP: 83/98 MP: 11/11
  8927 | D:9      | Found an iron altar of Okawaru.
  9219 | D:10     | Entered Level 10 of the Dungeon
  9282 | D:9      | Reached *** piety under the Shining One
  9837 | D:10     | Noticed Psyche
  9843 | D:10     | Killed Psyche
 10184 | D:10     | Found a shimmering blue altar of Sif Muna.
 10300 | D:10     | Got Sif Muna's Compilation of the Spider
 10469 | D:10     | Found an opulent altar of Gozag.
 10651 | D:10     | Found a glowing silver altar of Zin.
 10666 | D:10     | Noticed Erica
 10675 | D:10     | Killed Erica
 10676 | D:10     | Reached skill level 10 in Maces & Flails
 10834 | D:10     | Found a hide-covered altar of Uskayaw.
 11075 | D:11     | Noticed Sonja
 11085 | D:11     | Killed Sonja
 11086 | D:11     | Reached skill level 1 in Invocations
 11170 | D:11     | Reached skill level 1 in Evocations
 11356 | D:11     | Noticed a boulder beetle
 11381 | D:11     | Killed a boulder beetle
 11529 | D:11     | Noticed a cyan ugly thing
 11537 | D:11     | Killed a cyan ugly thing
 11538 | D:11     | Reached skill level 5 in Dodging
 11668 | D:11     | Noticed a death yak
 11691 | D:11     | Killed a death yak
 11701 | D:11     | Noticed a death yak
 11701 | D:11     | Reached **** piety under the Shining One
 11702 | D:11     | Noticed a death yak
 11753 | D:11     | Killed a death yak
 11754 | D:11     | Reached XP level 12. HP: 63/108 MP: 13/13
 11767 | D:11     | Killed a death yak
 11890 | D:11     | Found a staircase to the Lair.
 11986 | D:11     | Noticed a boulder beetle
 12014 | D:11     | Killed a boulder beetle
 12329 | D:11     | Identified the +8 war axe of Disaster {vorpal, rElec rPois
                  | rF- Str+6}
 12329 | D:11     | Noticed Harold
 12335 | D:11     | Killed Harold
 12497 | D:11     | Noticed a two-headed ogre
 12502 | D:11     | Killed a two-headed ogre
 12769 | Lair:1   | Entered Level 1 of the Lair of Beasts
 12905 | Lair:1   | Reached skill level 11 in Maces & Flails
 14168 | Lair:2   | Reached XP level 13. HP: 101/115 MP: 16/16
 14314 | Lair:2   | Reached skill level 10 in Armour
 14992 | Lair:2   | Found a staircase to the Snake Pit.
 15173 | Lair:2   | Found a staircase to the Shoals.
 15547 | Lair:3   | Reached ***** piety under the Shining One
 15575 | Lair:3   | Found a frozen archway.
 15597 | IceCv    | Entered an ice cave
 15719 | IceCv    | Killed from afar by a rime drake

Illustrated notes

Levels and vault maps discovered:
D:1:      amcnicky_arrival_choice, layout_loops_corners
D:2:      layout_basic, kennysheep_decorative_pillar
D:3:      layout_basic, xom_teletrap_fun, kennysheep_generic_room_5,
          uniq_sigmund, uniq_grinder
D:4:      layout_loops_ring, mainiacjoe_overflow_24_doors, old_standard_altar,
          dreamdust_mushroom_princess, uniq_natasha
D:5:      layout_cave_pools, trog_wizard, temple_hall, serial_shops,
          nicolae_shop_temple_entry_statues_fountains, uniq_eustachio,
          uniq_pikel
D:6:      layout_basic, mainiacjoe_overflow_tiny_flanked
D:7:      layout_basic, st_stairs_7, nicolae_shop_i_like_big_books,
          nrook_pool_corridor
D:8:      layout_basic, serial_shops, nicolae_shop_window_shopping
D:9:      kennysheep_six_static_rooms, layout_basic, demons_altar,
          mainiacjoe_overflow_brackets, mainiacjoe_overflow_alcove_2
D:10:     layout_irregular_city, pdpol_temple_overflow_zin_treasury_gozag_greed,
          nicolae_uskayaw_murder_on_the_dancefloor, led_sif_book, uniq_psyche,
          uniq_erica
D:11:     minmay_opposing_rooms, layout_irregular_city, dpeg_lair_monsters,
          uniq_sonja, uniq_harold
Temple:   chequers_temple_sunken
Lair:1:   layout_gridlike, st_stairs_6
Lair:2:   layout_chaotic_city, minmay_shoals_entry_lonely_mermaid,
          dummy_snake_entry, chequers_serial_rivers_micro_a
Lair:3:   layout_misc_corridors, portal_ice_cave_entry_imps,
          hangedman_lair_generics_rect, infiniplex_staircase_pool_2,
          uniq_gastronok
IceCv:    ice_cave_small_giant

Skill      XL: |  1  2  3  4  5  6  7  8  9 10 11 12 13 |
---------------+----------------------------------------+-----
Maces & Flails | 2 3 4 5 6 7 8 9 10 11 | 11.8
Fighting       | 3 4 5 6 7 8 |  8.7
Throwing       | 2 3 4 5 6 7 |  7.3
Armour         | 4 5 6 7 9 10 | 10.3
Dodging        | 1 2 3 4 5 6 |  6.1
Shields        | 4 5 6 7 8 9 |  9.6
Invocations    | 2 4 |  4.7
Evocations     | 2 4 |  4.8

Action                   |  1- 3 |  4- 6 |  7- 9 | 10-12 | 13-15 || total
-------------------------+-------+-------+-------+-------+-------++-------
Melee: Flail             |   102 |    10 |     4 |   336 |   156 ||   608
       Tailslap          |     6 |     8 |    57 |   136 |    32 ||   239
       Whip              |    19 |    53 |   341 |   300 |       ||   713
       Morningstar       |       |       |       |     3 |       ||     3
Throw: Boomerang         |       |       |       |    36 |    13 ||    49
       Javelin           |       |       |       |     2 |       ||     2
Evoke: Wand              |       |       |       |     2 |       ||     2
  Use: Potion            |       |     2 |     4 |    10 |     1 ||    17
       Scroll            |       |       |     9 |    17 |       ||    26
Armor: Scale mail        |    50 |    19 |    31 |       |       ||   100
       Leather armour    |       |       |    31 |       |       ||    31
       Ring mail         |       |       |    15 |   170 |    61 ||   246
Dodge: Dodged            |    32 |    17 |    97 |   215 |    63 ||   424
Block: Buckler           |    23 |    17 |    41 |   131 |    32 ||   244

Table legend: (Time is in decaauts)
 A = Elapsed time spent in this place.
 B = Non-inter-level travel time spent in this place.
 C = Inter-level travel time spent in this place.
 D = Time resting spent in this place.
 E = Time spent auto-exploring this place.
 F = Levels seen in this place.
 G = Mean time per level.
                   A        B        C        D        E       F      G
               +--------+--------+--------+--------+--------+-----+--------+
         Total |  15517 |  14892 |    625 |   4420 |   7225 |  16 |  969.8 |
       Dungeon |  12459 |  11954 |    505 |   3501 |   5951 |  11 | 1132.6 |
        Temple |    253 |    229 |     24 |      0 |    181 |   1 |  253.0 |
          Lair |   2688 |   2593 |     95 |    848 |   1092 |   3 |  896.0 |
      Ice Cave |    115 |    115 |      0 |     71 |      0 |   1 |  115.0 |
               +--------+--------+--------+--------+--------+-----+--------+

Top non-repeatable levels by time:
    D:11: 1729 daAuts
     D:9: 1717 daAuts
  Lair:2: 1704 daAuts
    D:10: 1510 daAuts
     D:4: 1313 daAuts
     D:5: 1263 daAuts
     D:1: 956 daAuts
     D:8: 937 daAuts
     D:6: 824 daAuts
     D:7: 777 daAuts
  Lair:1: 742 daAuts
     D:2: 740 daAuts
     D:3: 689 daAuts
  Temple: 253 daAuts
  Lair:3: 242 daAuts
